 Dungeon Crawl Stone Soup version 0.30-a0-568-g124715a40b (webtiles) character file.

Game seed: 7313427549208394101

56 arthad the Digger (level 3, -2/28 HPs)
             Began as a Gargoyle Earth Elementalist on Dec 29, 2022.
             Slain by Terence
             ... wielding a +0 mace
              (5 damage)
             ... on level 2 of the Dungeon.
             The game lasted 00:02:31 (1506 turns).

arthad the Digger (Gargoyle Earth Elementalist)     Turns: 1506, Time: 00:02:32

Health: -2/28      AC:  5    Str: 11    XL:     3   Next: 95%
Magic:  0/6        EV: 12    Int: 17    God:
Gold:   48         SH:  0    Dex: 10    Spells: 5/6 levels left

rFire   . . .      SeeInvis .    g - staff of poison
rCold   . . .      Faith    .    (no shield)
rNeg    + . .      Spirit   .    a - +0 robe
rPois   ∞          Reflect  .    (no helmet)
rElec   +          Harm     .    (no cloak)
rCorr   .          Rampage  .    (no gloves)
Will    .....                    (no boots) Stlth
                                 (no amulet)
HPRegen 0.24/turn                (no ring)
MPRegen 0.10/turn                (no ring)

@: berserking, very slightly contaminated, very quick
A: sickness immunity, AC +3, negative energy resistance 1, electricity
resistance, torment resistance 1, petrification resistance
a: no special abilities


You were on level 2 of the Dungeon.
You visited 1 branch of the dungeon, and saw 2 of its levels.

You collected 48 gold pieces.

Inventory:

Armour
 a - a +0 robe (worn)
Magical Staves
 g - a staff of poison (weapon)
Scrolls
 c - a scroll of teleportation {unknown}
 d - a scroll of vulnerability {unknown}
 e - a scroll of enchant armour {unknown}
 i - a scroll of enchant weapon {unknown}
 k - a scroll of poison {unknown}
 l - a scroll of fog {unknown}
 m - a scroll of identify {unknown}
Potions
 b - 2 potions of magic
 h - a potion of mutation {unknown}
 j - a potion of lignification {unknown}


   Skills:
 + Level 1.9 Dodging
 * Level 3.0 Stealth
 * Level 2.4 Spellcasting
 + Level 1.2 Transmutations
 * Level 4.2 Earth Magic


You had 5 spell levels left.
You knew the following spells:

 Your Spells              Type           Power      Damage    Failure   Level
a - Sandblast             Erth           32%        2d9       3%          1

Your spell library contained the following spells:

 Spells                   Type           Power      Damage    Failure   Level
 Passwall                 Tmut/Erth      9%         N/A       9%          2
 Stone Arrow              Conj/Erth      18%        3d8       22%         3
 Petrify                  Tmut/Erth      11%        N/A       52%         4


Dungeon Overview and Level Annotations

Branches:
Dungeon (2/15)

Altars:
Zin

Annotations:
D:1 1 transporter
D:2 Terence


Innate Abilities, Weirdness & Mutations

You are immune to sickness and miasma.
Your stone body is resilient. (AC +3)
You are immune to poison.
You resist negative energy. (rN+)
You are resistant to electric shocks. (rElec)
You are resistant to unholy torment.
You are immune to petrification.


Message History

Press: ? - help, Q - select action Shift-Dir - straight line, f/p - Terence
Aim: Terence, wielding a +0 mace and wearing a +0 chain mail (heavily wounded, 87% to hit)
The blast of sand misses Terence.
Terence closely misses you.
You hit Terence but do no damage.
Terence is heavily wounded.
Terence closely misses you.
You hit Terence but do no damage.
Terence is heavily wounded.
Terence closely misses you.
You hit Terence but do no damage.
Terence is heavily wounded.
Terence hits you but does no damage. Terence hits you with a +0 mace.
You hit Terence but do no damage.
Terence is heavily wounded.
Terence hits you with a +0 mace.
* * * LOW HITPOINT WARNING * * *
You hit Terence but do no damage.
Terence is heavily wounded.
Terence misses you.
You hit Terence but do no damage.
Terence is heavily wounded.
Terence hits you but does no damage.
Aiming: Sandblast (safe; 3% risk of failure)
Press: ? - help, Q - select action Shift-Dir - straight line, f/p - Terence
Aim: Terence, wielding a +0 mace and wearing a +0 chain mail (heavily wounded, 87% to hit)
You miscast Sandblast.
You are very lightly contaminated with residual magic.
Nothing appears to happen.
Terence hits you with a +0 mace.
* * * LOW HITPOINT WARNING * * *
It was a potion of berserk rage.
A red film seems to cover your vision as you go berserk!
You feel yourself moving faster!
You feel mighty! Terence hits you but does no damage.
You are too berserk!
You hit Terence!
Terence is almost dead.
Terence hits you with a +0 mace.
You die...

### ### ##.##
##.####### ##...##
#.[.......
##..#..######.#####
#..#.........#.@@.#
##^....#####..###.#
#........# #.##
#.......>
#.##.###.# #.#
..!......
##......#.# #.#
.#####.###
#...###.#.###.##. #
................
#.......#.###.##
##............#


You could see Terence.

Vanquished Creatures
  2 adders (D:2)
  9 bats
  2 endoplasms
  4 goblins
  3 hobgoblins
  3 kobolds
  A quokka (D:1)
  4 ball pythons
  4 frilled lizards
  4 rats (D:1)
36 creatures vanquished.

Notes
Turn   | Place    | Note
-------+----------+-------------------------------------------
     0 | D:1      | arthad the Gargoyle Earth Elementalist began the quest for
                  | the Orb.
     0 | D:1      | Reached XP level 1. HP: 10/10 MP: 3/3
   146 | D:1      | Reached skill level 1 in Transmutations
   146 | D:1      | Reached XP level 2. HP: 15/15 MP: 1/5
   692 | D:1      | Reached skill level 4 in Earth Magic
   937 | D:2      | Found a glowing silver altar of Zin.
   979 | D:2      | Reached XP level 3. HP: 19/19 MP: 4/6
  1488 | D:2      | Noticed Terence
  1506 | D:2      | Slain by Terence

Illustrated notes

Levels and vault maps discovered:
D:1:      spicycebolla_arrival_risky_transporter, layout_loops_cross
D:2:      layout_loops_ring, basic_altar, minmay_hedge_maze,
          hangedman_decor_growths, uniq_terence

Skill      XL: |  1  2  3 |
---------------+----------+-----
Transmutations | 1 |  1.2
Earth Magic    | 4 |  4.2
Stealth        | 3 |  3.0
Dodging        | |  1.9
Spellcasting   | |  2.4

Action                   || total
-------------------------++-------
Melee: Staff             ||     7
 Cast: Sandblast         ||    53
  Use: Potion            ||     1
Armor: Robe              ||     3
Dodge: Dodged            ||    12

Table legend: (Time is in decaauts)
 A = Elapsed time spent in this place.
 B = Non-inter-level travel time spent in this place.
 C = Inter-level travel time spent in this place.
 D = Time resting spent in this place.
 E = Time spent auto-exploring this place.
 F = Levels seen in this place.
 G = Mean time per level.
                   A        B        C        D        E       F      G
               +--------+--------+--------+--------+--------+-----+--------+
         Total |   1532 |   1501 |     31 |      0 |   1320 |   2 |  766.0 |
       Dungeon |   1532 |   1501 |     31 |      0 |   1320 |   2 |  766.0 |
               +--------+--------+--------+--------+--------+-----+--------+

Top non-repeatable levels by time:
     D:1: 947 daAuts
     D:2: 585 daAuts
